 Dungeon Crawl Stone Soup version 0.17-a0-1435-geafbe2f (webtiles) character file.

37 Ebilmort the Firebug (level 3, 0/19 HPs)
             Began as a Deep Elf Fire Elementalist on June 26, 2015.
             Slain by a worm (12 damage)
             ... on level 2 of the Dungeon.
             The game lasted 00:03:04 (1398 turns).

Ebilmort the Firebug (Deep Elf Fire Elementalist)   Turns: 1398, Time: 00:03:04

Health: 0/19       AC:  2    Str:  5    XL:     3   Next: 21%
Magic:  10/10      EV: 13    Int: 20    God:
Gold:   117        SH:  0    Dex: 15    Spells: 3 memorised, 3 levels left

rFire  . . .     SeeInvis .     (no weapon)
rCold  . . .     Clarity  .     a - +0 robe
rNeg   . . .     SustAt   .     (no shield)
rPois  .         Gourm    .     (no helmet)
rElec  .         Spirit   .     (no cloak)
rCorr  .         Warding  .     (no gloves)
rMut   .         Stasis   .     (no boots)
MR     .....                    (no amulet)
Stlth  ++........               (no ring)
                                (no ring)

@: not resistant to hostile enchantments, unstealthy
A: no striking features
a: no special abilities


You were on level 2 of the Dungeon.
You were not hungry.

You visited 1 branch of the dungeon, and saw 2 of its levels.

You collected 117 gold pieces.

Inventory:

Armour
 a - a +0 robe (worn)
Jewellery
 o - a cursed ring of loudness {unknown}
 q - an uncursed amulet of rage {unknown}
Scrolls
 d - 5 scrolls of identify {unknown}
 f - a scroll of magic mapping {unknown}
 j - a scroll of random uselessness {unknown}
 k - a scroll of fog {unknown}
 l - 3 scrolls of enchant weapon {unknown}
 p - a scroll of recharging {unknown}
 r - a scroll of remove curse {unknown}
 t - a scroll of enchant armour {unknown}
Potions
 e - a potion of heal wounds {unknown}
 h - 2 potions of cure mutation {unknown}
 i - a potion of lignification {unknown}
 m - a potion of curing {unknown}
 n - 2 potions of brilliance {unknown}
 s - a potion of magic {unknown}
 v - a potion of mutation {unknown}
Books
 b - a book of Flames

   Spells                             Type                      Level
   a - Flame Tongue                   Conjuration/Fire             1
   b - Throw Flame                    Conjuration/Fire             2
   c - Conjure Flame                  Conjuration/Fire             3
   d - Inner Flame                    Hexes/Fire                   3
   e - Sticky Flame                   Conjuration/Fire             4
   f - Fireball                       Conjuration/Fire             5
Comestibles
 c - 2 bread rations
 g - 3 fruits
 u - 3 chunks of flesh


   Skills:
 - Level 2.4 Dodging
 - Level 2.4 Stealth
 + Level 3.5 Spellcasting
 + Level 1.7 Conjurations
 * Level 4.2 Fire Magic


You had 3 spell levels left.
You knew the following spells:

 Your Spells              Type           Power        Failure   Level  Hunger
a - Flame Tongue          Conj/Fire      ###..        4%          1    None
b - Throw Flame           Conj/Fire      ###...       10%         2    ##.....
c - Conjure Flame         Conj/Fire      ###.....     14%         3    ###....


Dungeon Overview and Level Annotations

Branches:
Dungeon (2/15)

Altars:


Message History

Press: ? - help, Shift-Dir - straight line, f/p - worm
Aim: a worm (almost dead)
The flame tongue hits the worm.
You kill the worm!
Found a stone staircase leading up.
You see here a worm corpse.
You butcher the worm corpse.
u - 3 chunks of flesh You start resting.
Your magical contamination has completely faded away.
You start resting.
Magic restored.
Found a ring mail.
v - a lumpy white potion A worm comes into view.
The worm moves out of view.
Found a hunting sling and 6 gold pieces.
The worm bites you!
Ouch! That really hurt!
You die...

........# ....$..#
.......# #......#
#...)..# #......#
#w.....# # #####@..#
#### #.#.....###
...# #.#.##### ##.#
###.#.####
##.#####........####
....................
###...#....(....####
##...#.........#
#.........#.####


You could see a worm.

Vanquished Creatures
  An ooze (D:1)
  2 worms (D:2)
  2 giant geckos
  2 goblins (D:1)
  2 hobgoblins
  2 jackals (D:1)
  2 kobolds
  2 bats (D:1)
  3 giant cockroaches
  7 rats
25 creatures vanquished.

Vanquished Creatures (others)
  4 toadstools (D:1)
4 creatures vanquished.

Grand Total: 29 creatures vanquished

Notes
Turn   | Place    | Note
--------------------------------------------------------------
     0 | D:1      | Ebilmort the Deep Elf Fire Elementalist began the quest for the Orb.
     0 | D:1      | Reached XP level 1. HP: 10/10 MP: 6/6
   310 | D:1      | Reached XP level 2. HP: 9/15 MP: 1/8
   928 | D:1      | Reached skill level 4 in Fire Magic
  1082 | D:2      | Reached XP level 3. HP: 19/19 MP: 7/9
  1086 | D:2      | Learned a level 2 spell: Throw Flame
  1090 | D:2      | Learned a level 3 spell: Conjure Flame
  1398 | D:2      | Slain by a worm

Vault maps used:
D:1:      ldierk_walled_garden_2
D:2:      first_bread

Action                   || total
-------------------------++-------
 Cast: Flame Tongue      ||    54
  Eat: Chunk             ||     1
